Map: Pylon LE

Players

DDAY - Winner!

  • Race: Protoss Protoss
  • League: Diamond
  • Spawn Location: 11:00

LigerMaNN

  • Race: Zerg Zerg
  • League: Diamond
  • Spawn Location: 5:00

VOD

Have the link to the VOD?

Description

Time

  • Played on: June 4, 2025, 3:46 p.m.
  • Length: 18:07
Show
View Real Time Build Order
Export as new Build Order

DDAY Protoss - Winner!

Build Orders: 1 Gate Expand, Oracle Opening 

Get SALT Encoding   

  12  0:00  Probe  
  13  0:13  Probe  
  14  0:20  Pylon  
  14  0:25  Probe  
  15  0:35  Probe  
  15  0:40  Gateway  
  16  0:43  Probe  
  17  0:52  Probe  
  18  0:57  Assimilator  
  18  1:04  Probe  
  19  1:21  Probe  
  20  1:28  Nexus  
  20  1:29  Probe  
  21  1:41  Cybernetics Core, Probe  
  22  1:49  Assimilator  
  22  1:53  Probe  
  23  2:00  Pylon  
  23  2:20  Adept  
  23  2:22  Probe  
  25  2:26  Stargate  
  25  2:29  Warp Gate  
  26  2:30  Probe  
  26  2:32  Pylon  
  26  2:36  Probe  
  27  2:39  Probe  
  29  2:45  Probe  
  29  2:49  Assimilator  
  30  2:53  Adept  
  30  2:54  Probe  
  33  3:00  Probe  
  34  3:06  Probe  
  34  3:07  Pylon  
  34  3:12  Probe  
  36  3:19  Probe  
  37  3:24  Robotics Facility  
  35  3:28  Fleet Beacon  
  35  3:29  Oracle  
  35  3:31  Gateway  
  38  3:42  Adept  
  38  3:48  Shield Battery  
  38  3:56  Gateway  
  38  4:19  Gateway  
  35  4:34  Tempest  
  35  4:35  Zealot  
  38  4:48  Probe  
  38  4:51  Probe  
  38  4:52  Cybernetics Core  
  40  4:56  Probe  
  40  5:03  Probe  
  40  5:06  Probe  
  42  5:08  Mothership  
  42  5:13  Zealot x2  
  47  5:14  Zealot  
  47  5:15  Probe  
  58  5:28  Probe  
  59  5:32  Adept  
  61  5:38  Twilight Council  
  61  5:40  Probe  
  62  5:52  Pylon  
  62  5:54  Gateway  
  62  5:57  Stargate  
  62  5:59  Pylon  
  62  6:10  Probe  
  63  6:14  Assimilator  
  63  6:23  Probe  
  64  6:27  Probe  
  65  6:35  Probe  
  65  6:39  Probe  
  67  6:40  Tempest  
  71  6:47  Probe  
  71  6:51  Probe  
  73  6:59  Tempest  
  77  7:03  Probe  
  78  7:10  Pylon  
  78  7:19  Nexus  
  78  7:28  Probe x2  
  80  7:30  Pylon  
  80  7:32  Pylon  
  80  7:33  Pylon, Charge  
  80  7:36  Gateway  
  80  7:37  Assimilator  
  80  7:39  Gateway, Assimilator  
  80  7:40  Probe x2, Stalker x2  
  80  7:42  Gateway  
  86  7:52  Probe x2  
  88  8:10  Tempest  
  92  8:44  Zealot  
  92  8:45  Stalker x4  
  102  8:55  Probe x2  
  102  8:57  Probe  
  105  9:03  Probe x2  
  105  9:04  Pylon  
  105  9:09  Probe  
  108  9:12  Probe x2  
  110  9:21  Probe  
  111  9:24  Probe x2  
  105  9:33  Probe  
  105  9:35  Carrier  
  105  9:36  Probe  
  109  9:45  Probe  
  96  9:53  Zealot x3  
  96  9:54  Zealot x5  
  96  9:57  Gateway  
  112  10:00  Gateway  
  112  10:05  Gateway  
  112  10:06  Templar Archives  
  112  10:08  Forge  
  112  10:16  Probe  
  112  10:17  Gateway  
  112  10:18  Probe  
  112  10:19  Gateway, Probe  
  113  10:21  Pylon  
  113  10:23  Pylon  
  113  10:24  Probe  
  110  10:30  Probe  
  110  10:31  Probe  
  110  10:32  Carrier  
  110  10:33  Probe  
  119  10:43  Probe x2  
  119  10:45  Carrier  
  119  10:48  Zealot x3  
  119  10:49  Zealot x5  
  143  10:55  Probe x2  
  145  10:58  Stalker  
  145  10:59  Stalker  
  149  11:08  Stalker  
  149  11:09  Stalker  
  133  11:19  Zealot x2  
  133  11:20  Zealot x2  
  141  11:35  Gateway  
  141  11:38  Gateway  
  141  11:40  Robotics Facility  
  141  11:43  Protoss Ground Weapons Level 1  
  141  11:44  Pylon  
  141  11:45  Pylon  
  141  11:47  Pylon  
  139  11:54  Zealot  
  139  11:59  Nexus  
  139  12:00  Carrier  
  141  12:03  Zealot  
  141  12:04  Zealot x6  
  141  12:05  Zealot x2  
  159  12:08  Nexus  
  148  12:30  Zealot x8  
  128  12:51  High Templar x2  
  130  12:52  High Templar, Zealot x4  
  130  12:53  Zealot x4  
  148  13:01  Shield Battery  
  148  13:02  Shield Battery  
  148  13:03  Shield Battery  
  148  13:06  Pylon  
  144  13:26  Zealot x7  
  144  13:27  Zealot  
  148  13:46  High Templar x3  
  148  13:47  Zealot x4  
  148  13:48  Zealot x2  
  148  13:56  Immortal  
  136  14:05  Probe  
  136  14:07  Photon Cannon  
  137  14:17  Probe  
  137  14:18  Oracle  
  137  14:19  Oracle  
  137  14:22  Robotics Bay  
  144  14:30  Pylon  
  144  14:31  Robotics Facility  
  144  14:32  Assimilator  
  144  14:36  Assimilator  
  144  14:39  Zealot x5  
  154  14:48  Psionic Storm  
  154  14:49  Protoss Ground Weapons Level 2  
  154  14:53  Immortal  
  158  15:10  Photon Cannon  
  158  15:13  Photon Cannon  
  158  15:15  Photon Cannon  
  158  15:17  Photon Cannon  
  158  15:18  Pylon  
  152  15:40  Zealot x3  
  152  15:41  Zealot x7  
  159  16:02  Zealot x2  
  159  16:03  Zealot x10  
  159  16:04  Zealot x2  
  169  16:16  Probe  
  164  16:21  Pylon  
  164  16:22  Pylon  
  164  16:28  Probe  
  163  16:36  Zealot x3  
  163  16:37  Zealot x8  
  163  16:38  Zealot x2  
  177  16:40  Colossus, Probe  
  172  16:48  Stalker x2  
  172  16:52  Probe  
  157  17:09  High Templar  
  157  17:10  High Templar x6  
  157  17:15  Archon, High Templar  
  173  17:16  Archon x2  
  173  17:20  Archon  
  173  17:35  Nexus  
  173  17:37  Pylon  
  173  17:38  Pylon  
Show
View Real Time Build Order
Export as new Build Order

LigerMaNN Zerg 

Build Orders: Hatch First 

Get SALT Encoding   

  12  0:01  Drone  
  13  0:13  Overlord  
  13  0:16  Drone  
  14  0:32  Drone  
  14  0:33  Drone  
  16  0:48  Hatchery  
  15  0:51  Drone  
  16  0:58  Drone  
  16  0:59  Drone  
  18  1:11  Extractor  
  18  1:16  Spawning Pool  
  16  1:20  Drone  
  16  1:22  Drone  
  18  1:32  Drone  
  19  1:39  Overlord  
  19  2:02  Zergling x4  
  19  2:03  Zergling x2, Queen  
  19  2:06  Queen  
  26  2:18  Metabolic Boost  
  26  2:24  Drone x3  
  26  2:26  Drone  
  30  2:32  Overlord  
  30  2:41  Drone  
  31  2:49  Drone x2  
  33  3:05  Hatchery  
  33  3:09  Zergling x8  
  35  3:28  Queen  
  35  3:33  Drone x6  
  43  3:36  Overlord x2  
  42  4:01  Drone x10  
  52  4:06  Queen  
  52  4:09  Lair  
  51  4:28  Zergling x10  
  55  4:38  Drone  
  55  4:39  Drone x8  
  55  4:43  Spore Crawler  
  62  4:45  Spore Crawler  
  62  4:47  Queen  
  62  4:52  Extractor x2  
  61  4:56  Drone x4  
  61  4:58  Drone  
  66  5:08  Evolution Chamber  
  66  5:09  Evolution Chamber, Spore Crawler  
  66  5:10  Spore Crawler  
  61  5:27  Drone  
  61  5:28  Drone x4  
  66  5:30  Overlord x4  
  66  5:35  Hydralisk Den  
  65  5:38  Baneling Nest  
  65  5:42  Overlord x2  
  64  5:43  Overlord x4  
  64  5:46  Zerg Missile Weapons Level 1  
  64  5:52  Queen  
  64  5:53  Drone x2  
  64  5:54  Extractor  
  64  5:55  Drone  
  68  6:14  Drone x2  
  68  6:15  Hatchery  
  68  6:17  Drone x3  
  68  6:18  Drone x2, Extractor  
  72  6:47  Spire  
  71  6:54  Drone x2  
  71  6:55  Drone  
  71  6:56  Drone x6, Extractor  
  71  6:57  Drone  
  78  7:16  Queen x3  
  84  7:29  Queen  
  83  7:32  Drone  
  83  7:33  Drone x9  
  83  7:35  Spore Crawler  
  83  7:36  Spore Crawler  
  93  7:41  Drone x3  
  93  7:43  Muscular Augments  
  96  7:45  Zerg Missile Weapons Level 2  
  96  7:46  Zerg Melee Weapons Level 1  
  95  7:51  Hydralisk  
  95  7:52  Hydralisk x3  
  100  8:03  Corruptor x4  
  102  8:22  Drone x7  
  102  8:24  Corruptor  
  111  8:29  Zerg Flyer Weapons Level 1  
  111  8:30  Overlord x2  
  110  8:40  Corruptor  
  110  8:41  Corruptor x5  
  107  8:47  Grooved Spines  
  112  8:52  Drone  
  112  8:53  Drone x9  
  122  9:01  Corruptor x2  
  126  9:07  Zergling x4  
  126  9:09  Hydralisk x2  
  128  9:10  Hydralisk  
  128  9:14  Hatchery  
  121  9:37  Corruptor x5  
  125  9:45  Zergling x20  
  123  10:12  Hydralisk  
  123  10:13  Hydralisk x10  
  145  10:18  Hatchery  
  144  10:28  Hydralisk x5  
  152  10:42  Drone, Extractor x2  
  152  10:43  Drone  
  152  10:45  Overlord x6  
  135  11:12  Corruptor  
  135  11:13  Corruptor x7  
  147  11:21  Zergling x8  
  147  11:23  Zerg Flyer Weapons Level 2  
  151  11:35  Queen  
  153  11:40  Zerg Melee Weapons Level 2  
  153  11:43  Infestation Pit  
  153  11:44  Corruptor  
  154  11:49  Overlord  
  154  11:50  Zergling x18  
  161  12:11  Drone x4  
  165  12:16  Spore Crawler  
  135  12:39  Drone x13  
  135  12:40  Drone x5  
  105  13:10  Hydralisk x14  
  119  13:14  Drone x2  
  119  13:16  Queen x3  
  113  13:34  Drone x10  
  113  13:35  Drone x3  
  117  14:03  Hatchery  
  117  14:09  Hatchery  
  115  14:11  Hive  
  115  14:13  Lurker Den  
  115  14:14  Hydralisk x11  
  115  14:15  Hydralisk x5  
  146  14:43  Drone x4  
  146  14:44  Drone x6  
  156  14:50  Drone  
  157  15:20  Drone x12  
  164  15:41  Corruptor x5  
  174  15:48  Drone x5  
  174  15:49  Drone  
  128  16:17  Hydralisk x8  
  113  16:39  Ultralisk Cavern  
  112  16:59  Drone x15  
  112  17:01  Drone  
  128  17:38  Hatchery  
Tags
 
Add a new tag
Caveats
  • Supply blocks, unpowered buildings, or Contaminate may cause inaccurate times.
  • Supply counts are checked every 10 seconds.